 Dungeon Crawl Stone Soup version 0.23.2-40-g277498a001 (webtiles) character file.

Game seed: 10758497612602836954

199 Destapler the Bolt Thrower (level 6, -2/37 HPs)
             Began as a Kobold Hunter on Aug 11, 2019.
             Slain by an orc
             ... wielding a +0 club
              (6 damage)
             ... on level 3 of the Dungeon on Aug 12, 2019.
             The game lasted 00:14:49 (3963 turns).

Destapler the Bolt Thrower (Kobold Hunter)          Turns: 3963, Time: 00:14:49

Health: -2/37      AC:  4    Str:  5 (8)  XL:     6   Next: 6%
Magic:  6/6        EV: 15    Int: 12      God:
Gold:   71         SH:  0    Dex: 15 (17) Spells: 5/5 levels left

rFire    . . .     SeeInvis .   b - +0 short sword
rCold    . . .     Gourm    .   (shield restricted)
rNeg     . . .     Faith    .   c - +0 leather armour
rPois    .         Spirit   .   (helmet restricted)
rElec    .         Reflect  .   (no cloak)
rCorr    .         Harm     .   g - +0 pair of gloves
MR       .....                  (no boots)
Stlth    ++........             e - amulet of the acrobat
HPRegen  0.00/turn              (no ring)
MPRegen  0.10/turn              (no ring)

@: no status effects
A: small, horns 1, carnivore, sense surroundings 1, inhibited regeneration, weak
1
a: no special abilities


You were on level 3 of the Dungeon.
You were completely stuffed.

You visited 1 branch of the dungeon, and saw 3 of its levels.

You collected 71 gold pieces.

Inventory:

Hand Weapons
 a - a +1 hand crossbow
 b - a +0 short sword (weapon)
Missiles
 d - 13 bolts
 n - 95 stones (quivered)
Armour
 c - a +0 leather armour (worn)
 g - a +0 pair of gloves (worn)
Jewellery
 e - an amulet of the acrobat (around neck)
Scrolls
 i - a scroll of enchant armour {unknown}
 j - a scroll of teleportation {unknown}
 l - a scroll of identify {unknown}
 o - a scroll of amnesia {unknown}
 p - 2 scrolls of blinking {unknown}
 r - a scroll of enchant weapon {unknown}
 s - a scroll of fear {unknown}
Potions
 h - a potion of resistance
 k - 2 potions of invisibility
 m - 2 potions of degeneration
Comestibles
 f - 8 rations
 q - 3 chunks of flesh


   Skills:
 - Level 3.0 Fighting
 + Level 3.6 Short Blades
 - Level 5.0 Crossbows
 - Level 4.0 Dodging
 + Level 4.2 Stealth


You had 5 spell levels left.
You didn't know any spells.
Your spell library was empty.

Dungeon Overview and Level Annotations

Branches:
Dungeon (3/15)

Altars:


Innate Abilities, Weirdness & Mutations

You are small and have problems with some larger weapons.
You are carnivorous and can eat meat at any time.
You have a pair of small horns on your head.
You passively map a small area around you.
You do not regenerate when monsters are visible.
You are weak. (Str -2)


Message History

The orc hits you with a +0 club!
* * * LOW HITPOINT WARNING * * *
You hit the orc wizard but do no damage.
The orc wizard is almost dead.
The orc wizard casts a spell at you. The puff of flame misses you.
The orc misses you.
You hit the orc wizard.
The orc wizard is almost dead.
The orc wizard misses you. The orc barely misses you.
You closely miss the orc wizard. You headbutt the orc wizard.
You kill the orc wizard!
Your Stealth skill increases to level 4!
You have reached level 6!
Your experience leads to an increase in your attributes!
Your base attributes are Str 9, Int 12, Dex 17.
Increase (S)trength, (I)ntelligence, or (D)exterity?
You feel stronger. Something hits you but does no damage.
You closely miss the orc. The orc hits you with a +0 club.
You die...

# #.# #.# *, #
* * * *#.# #.#
* # * , ..#
#.# # * #.# *
# * #.#### #
*, #....# # *
####.# *, ## *
############.#
.### ,
#o@..........#
..<#*,
#{############
* ...#* #o
>..## #g
......# #.
...#..# #.
...#..# #.
......# *#.
.......,,


You could see 2 orcs and a goblin.

Vanquished Creatures
  Ijyb (D:2)
  An orc wizard (D:3)
  2 adders (D:3)
  7 gnolls (D:2)
  A dart slug (D:2)
  A worm (D:3)
  A leopard gecko (D:1)
  2 giant cockroaches
  9 goblins
  9 hobgoblins
  7 jackals (D:1)
  2 quokkas (D:2)
  A ball python (D:1)
  6 bats
  A frilled lizard (D:2)
  4 kobolds
  6 rats
61 creatures vanquished.

Notes
Turn   | Place    | Note
-------+----------+-------------------------------------------
     0 | D:1      | Destapler the Kobold Hunter began the quest for the Orb.
     0 | D:1      | Reached XP level 1. HP: 12/12 MP: 1/1
   181 | D:1      | Reached skill level 5 in Crossbows
   184 | D:1      | Reached XP level 2. HP: 18/18 MP: 2/2
   447 | D:1      | Reached skill level 1 in Short Blades
   620 | D:1      | Reached XP level 3. HP: 22/22 MP: 3/3
  1308 | D:2      | Reached XP level 4. HP: 22/28 MP: 4/4
  1829 | D:2      | Upgraded the game from 0.23.2-33-g5129a83184 to
                  | 0.23.2-40-g277498a001
  2299 | D:2      | Reached XP level 5. HP: 32/32 MP: 5/5
  2918 | D:3      | Noticed Ijyb
  2922 | D:3      | Paralysed by something for 4 turns
  2934 | D:2      | Paralysed by something for 6 turns
  2944 | D:2      | Paralysed by something for 7 turns
  2955 | D:2      | Gained mutation: You are weak. (Str -2) [potion of
                  | mutation]
  2955 | D:2      | Gained mutation: You do not regenerate when monsters are
                  | visible. [potion of mutation]
  2955 | D:2      | Gained mutation: You have a pair of small horns on your
                  | head. [potion of mutation]
  2955 | D:2      | Gained mutation: You passively map a small area around you.
                  | [potion of mutation]
  2957 | D:2      | Paralysed by something for 3 turns
  3040 | D:2      | HP: 1/32 [Ijyb (2)]
  3047 | D:2      | Killed Ijyb
  3962 | D:3      | Reached XP level 6. HP: 4/37 MP: 6/6
  3963 | D:3      | Slain by an orc

Skill      XL: |  1  2  3  4  5 |
---------------+----------------+-----
Crossbows      | 5 |  5.0
Short Blades   | 1 2 3 |  3.6
Stealth        | 2 3 4 |  4.2
Fighting       | 3 |  3.0
Dodging        | 3 4 |  4.0

Action                   |  1- 3 |  4- 6 || total
-------------------------+-------+-------++-------
Melee: Short sword       |    59 |   224 ||   283
       Headbutt          |       |    17 ||    17
 Fire: Hand crossbow     |    30 |    21 ||    51
  Use: Potion            |       |     6 ||     6
 Stab: Sleeping          |     1 |     6 ||     7
  Eat: Chunk             |     9 |     9 ||    18
Armor: Leather armour    |     6 |    49 ||    55
Dodge: Dodged            |    52 |   193 ||   245
